 Dungeon Crawl Stone Soup version 0.25-a0-263-g9d16a9d099 (webtiles) character file.

Game seed: 4335958943241133039, levelgen mode: deterministic

232 Redear the Skirmisher (level 6, -1/43 HPs)
             Began as an Octopode Fighter on Dec 7, 2019.
             Slain by an ogre
             ... wielding a +0 giant club
              (23 damage)
             ... on level 6 of the Dungeon.
             The game lasted 00:02:46 (1843 turns).

Redear the Skirmisher (Octopode Fighter)            Turns: 1843, Time: 00:02:46

Health: -1/43      AC:  1    Str: 15    XL:     6   Next: 4%
Magic:  6/6        EV: 12    Int: 11    God:
Gold:   205        SH:  9    Dex: 13    Spells: 5/5 levels left

rFire    . . .     SeeInvis .   k - +2 dagger (flame)
rCold    . . .     Gourm    .   b - +0 shield
rNeg     . . .     Faith    .   (helmet restricted)
rPois    .         Spirit   .   (no amulet)
rElec    .         Reflect  .   f - ring of teleportation (curse) {+/*tele}
rCorr    .         Harm     .   i - ring of flight {+Fly}
MR       .....     Rnd*Tele +   (no ring)
Stlth    +++.......             (no ring)
HPRegen  0.14/turn              (no ring)
MPRegen  0.10/turn              (no ring)
                                (no ring)
                                (no ring)

@: no status effects
A: almost no armour, stealthy swim, amphibious, 8 rings, constrict 8, camouflage
1, gelatinous body 1
a: Evoke Flight


You were on level 6 of the Dungeon.
You were not hungry.

You visited 1 branch of the dungeon, and saw 4 of its levels.

You collected 205 gold pieces.

Inventory:

Hand Weapons
 a - a +0 long sword
 k - a +2 dagger of flaming (weapon)
 t - a +0 dagger
Armour
 b - a +0 shield (worn)
Jewellery
 c - a +3 ring of evasion {unknown}
 f - a cursed ring of teleportation (left tentacle) {+/*tele}
 i - a ring of flight (right tentacle) {+Fly}
 l - an uncursed ring of fire {rF+ rC-}
 p - an uncursed ring of fire {rF+ rC-}
 s - an uncursed ring of protection from magic {unknown}
Scrolls
 e - 2 scrolls of remove curse {unknown}
 g - 3 scrolls of identify {unknown}
 h - a scroll of fog {unknown}
 m - 4 scrolls of teleportation {unknown}
 n - a scroll of random uselessness {unknown}
Potions
 d - a potion of flight {unknown}
 j - a potion of brilliance {unknown}
 o - a potion of heal wounds {unknown}
 q - a potion of curing {unknown}
Comestibles
 z - 6 rations


   Skills:
 + Level 3.9 Fighting
 + Level 3.2 Long Blades
 + Level 3.9 Dodging
 + Level 3.4 Stealth
 + Level 3.9 Shields


You had 5 spell levels left.
You didn't know any spells.
Your spell library was empty.

Dungeon Overview and Level Annotations

Branches:
Dungeon (3/15)

Altars:


Innate Abilities, Weirdness & Mutations

You cannot wear most types of armour.
You are very stealthy in the water. (Stealth+)
You are amphibious.
You can wear up to eight rings at the same time.
You can use your tentacles to constrict eight enemies at once.
Your skin changes colour to match your surroundings (Stealth+).
Your rubbery body absorbs attacks. (AC +1, EV +1)


Message History

You take 9 damage, and have 26/43 hp.
MASSIVE DAMAGE!!
There are monsters nearby!
You hit the ogre. You burn the ogre.
The ogre is lightly wounded.
A jackal skeleton comes into view.
You block the bullfrog's attack.
An ooze comes into view.
Unknown command.
You hit the ogre. You burn the ogre.
The ogre is moderately wounded.
The bullfrog closely misses you. The ogre barely misses you.
The bullfrog hits you.
You take 5 damage, and have 22/43 hp.
Unknown command.
You hit the ogre. You burn the ogre. You squeeze the ogre!
The ogre is severely wounded.
The bullfrog barely misses you.
The ogre hits you with a +0 giant club!!
Ouch! That really hurt!
You die...

###### ###
##.'.$#...# #
##..##@..# #
##.#..#OF## ##
##.#..###Z.. .#
##.#.^...#.Z##
###
##.#..#..###.#
..#
##.#..#.##.!#..
.#####.#..#.##
.###J#
#..##.#..#.##
#. ..
[.##.#..#.## #


You could see an ogre, a bullfrog, an ooze, a bullfrog zombie and a jackal
skeleton.

Vanquished Creatures
  Blork the orc (D:6)
  A crimson imp (D:6)
  A worker ant (D:6)
  4 gnolls (D:6)
  3 adders
  2 worms
  A dart slug (D:1)
  2 giant cockroaches (D:1)
  10 goblins
  2 hobgoblins
  3 kobolds
  3 bats
  4 frilled lizards
  7 rats
44 creatures vanquished.

Notes
Turn   | Place    | Note
-------+----------+-------------------------------------------
     0 | D:1      | Redear the Octopode Fighter began the quest for the Orb.
     0 | D:1      | Reached XP level 1. HP: 16/16 MP: 1/1
   181 | D:1      | Reached XP level 2. HP: 14/21 MP: 2/2
   187 | D:1      | Reached skill level 1 in Stealth
   377 | D:1      | Reached XP level 3. HP: 24/26 MP: 3/3
  1172 | D:2      | Reached skill level 2 in Stealth
  1483 | D:3      | Reached XP level 4. HP: 31/31 MP: 4/4
  1596 | D:3      | You fall into a shaft and drop 3 floors!
  1598 | D:6      | Noticed Blork the orc
  1608 | D:6      | Killed Blork the orc
  1608 | D:6      | Reached XP level 5. HP: 31/37 MP: 5/5
  1643 | D:6      | Reached skill level 3 in Long Blades
  1643 | D:6      | Reached skill level 3 in Stealth
  1789 | D:6      | Reached XP level 6. HP: 28/43 MP: 6/6
  1843 | D:6      | Slain by an ogre

Levels and vault maps discovered:
D:1:      dpeg_arrival_water_fire, layout_basic, chequers_serial_rivers_small_a
D:2:      layout_loops_ring, first_ration
D:3:      layout_basic, general_overflow_altar
D:6:      minmay_razor_zed, layout_basic, uniq_blork_the_orc

Skill      XL: |  1  2  3  4  5 |
---------------+----------------+-----
Stealth        | 1 2 3 |  3.4
Long Blades    | 3 |  3.2
Fighting       | |  3.9
Dodging        | |  3.9
Shields        | |  3.9

Action                   |  1- 3 |  4- 6 || total
-------------------------+-------+-------++-------
Melee: Long sword        |    39 |       ||    39
       Constrict         |    16 |     6 ||    22
       Tentacles         |     5 |     7 ||    12
       Dagger            |    21 |    25 ||    46
  Use: Potion            |       |     1 ||     1
 Stab: Sleeping          |     8 |     3 ||    11
  Eat: Chunk             |     1 |     2 ||     3
Armor: Skin              |     1 |     1 ||     2
Dodge: Dodged            |    19 |    16 ||    35
Block: Shield            |    13 |     9 ||    22
       Rpst.: Long sword |     7 |       ||     7

Table legend:
 A = Non-vault XP
 B = Vault XP
 C = Vault XP percentage of total XP
 D = Non-vault monster count
 E = Vault monster count
 F = Vault count percentage of total count
                 A         B        C        D         E       F
            +---------+---------+-------+---------+---------+-------
      Total |     236 |      96 |  28.9 |      43 |       1 |   2.3
            +---------+---------+-------+---------+---------+-------
        D:1 |      35 |       0 |   0.0 |      22 |       0 |   0.0
        D:2 |      44 |       0 |   0.0 |      11 |       0 |   0.0
        D:3 |      21 |       0 |   0.0 |       4 |       0 |   0.0
        D:6 |     136 |      96 |  41.4 |       6 |       1 |  14.3
            +---------+---------+-------+---------+---------+-------
